 Dungeon Crawl Stone Soup version 0.26-a0-259-g1effd001a9 (webtiles) character file.

Game seed: 1954850012815710741

17 HoaS the Ruffian (level 2, -3/18 HPs)
             Began as a Gargoyle Gladiator on July 23, 2020.
             Slain by a gnoll
             ... wielding a +0 club
              (8 damage)
             ... on level 1 of the Dungeon.
             The game lasted 00:01:21 (751 turns).

HoaS the Ruffian (Gargoyle Gladiator)                Turns: 751, Time: 00:01:22

Health: -3/18      AC:  8    Str: 17    XL:     2   Next: 62%
Magic:  2/2        EV: 11    Int:  8    God:
Gold:   7          SH:  0    Dex: 11    Spells: 1/1 levels left

rFire    . . .     SeeInvis .     - Unarmed
rCold    . . .     Faith    .   (no shield)
rNeg     + . .     Spirit   .   f - +0 ring mail
rPois    ∞         Reflect  .   b - +0 helmet
rElec    +         Harm     .   (no cloak)
rCorr    .                      (no gloves)
MR       .....                  (no boots)
Stlth    +.........             (no amulet)
HPRegen  0.06/turn              (no ring)
MPRegen  0.08/turn              (no ring)

@: no status effects
A: negative energy resistance 1, electricity resistance, unbreathing,
petrification resistance, rot immunity, AC +2
a: no special abilities


You were on level 1 of the Dungeon.
You were not hungry.

You visited 1 branch of the dungeon, and saw 2 of its levels.

You collected 7 gold pieces.

Inventory:

Missiles
 c - 3 throwing nets (quivered)
Armour
 b - a +0 helmet (worn)
 f - a +0 ring mail (worn)
Scrolls
 a - 2 scrolls of remove curse {unknown}
 e - a scroll of enchant armour {unknown}
Comestibles
 d - 6 rations


   Skills:
 + Level 2.6 Fighting
 - Level 1.7 Throwing
 - Level 2.4 Dodging
 * Level 3.6 Unarmed Combat


You had one spell level left.
You didn't know any spells.
Your spell library was empty.

Dungeon Overview and Level Annotations

Branches:
Dungeon (2/15)

Altars:


Innate Abilities, Weirdness & Mutations

You are resistant to torment.
Your stone body is resilient. (AC +2)
You are immune to poison.
You resist negative energy. (rN+)
You are resistant to electric shocks. (rElec)
You can survive without breathing.
You are immune to petrification.
You are immune to rotting.


Message History

The gnoll is almost dead.
The gnoll hits you with a +0 club.
You hit the gnoll.
You kill the gnoll!
No target in view!
You start resting.
HP restored.
You climb downwards.
The gnoll hits you with a +0 club. The gnoll barely misses you.
There is a stone staircase leading up here.
The gnoll barely misses you. The gnoll hits you with a +0 club!
You climb upwards.
There is a stone staircase leading down here.
You closely miss the gnoll. The gnoll hits you with a +0 club.
You hit the gnoll.
The gnoll is moderately wounded.
You hit the gnoll.
The gnoll is heavily wounded.
The gnoll hits you with a +0 club!
You die...

#.##... #......
###################.#
###.................#.#
#..[..........#####.#.#
#.............# #.#.#
#.............# #.#.#
#......g...########.#.#
#.....@.........†......
#......................
#.....#############.#.#
#.....# #.#.# #.....#
#######.#.# #######
#.......#.. #.......###
#.......# # #######.# #


You could see a gnoll.

Vanquished Creatures
  A gnoll (D:1)
  A leopard gecko (D:1)
  A giant cockroach (D:1)
  A hobgoblin (D:1)
  A ball python (D:1)
  A bat (D:1)
  A frilled lizard (D:1)
7 creatures vanquished.

Notes
Turn   | Place    | Note
-------+----------+-------------------------------------------
     0 | D:1      | HoaS the Gargoyle Gladiator began the quest for the Orb.
     0 | D:1      | Reached XP level 1. HP: 12/12 MP: 1/1
   578 | D:1      | Reached XP level 2. HP: 18/18 MP: 2/2
   751 | D:1      | Slain by a gnoll

Illustrated notes

Levels and vault maps discovered:
D:1:      lemuel_arrival_lava_pool, layout_basic, hangedman_abyss_or_decor_stabs
D:2:      layout_basic, tgw_kikubaaqudgha

Action                   || total
-------------------------++-------
Melee: Unarmed           ||    30
Armor: Ring mail         ||    12
       Leather armour    ||     3
Dodge: Dodged            ||    11

Table legend:
 A = Non-vault XP
 B = Vault XP
 C = Vault XP percentage of total XP
 D = Non-vault monster count
 E = Vault monster count
 F = Vault count percentage of total count
                 A         B        C        D         E       F
            +---------+---------+-------+---------+---------+-------
      Total |      25 |       0 |   0.0 |       7 |       0 |   0.0
            +---------+---------+-------+---------+---------+-------
        D:1 |      25 |       0 |   0.0 |       7 |       0 |   0.0
            +---------+---------+-------+---------+---------+-------
